[Event "Stay Safe Play From Home 246"]
[Site "Emanuel Lasker Arena"]
[Date "2020.06.22"]
[Round "6"]
[White "Don59as"]
[Black "Tustintin"]
[Result "1-0"]
[WhiteElo "2047"]
[BlackElo "1661"]
[Annotator "NA"]
[PlyCount "75"]
[EventDate "2020.06.22"]
[EventType "swiss (blitz)"]
[TimeControl "180"]

1. c4 c6 2. e4 d5 3. cxd5 cxd5 4. e5 Bf5 5. Nf3 e6 6. d4 Nc6 7. Nc3 Bb4 8. Bd3 Bg4 9. Be3 Nge7 10. O-O Nf5 11. Bxf5 Bxf5 12. Rc1 Rc8 13. Qa4 Bxc3 14. Rxc3 O-O 15. Rfc1 Qd7 16. h3 Rfd8 17. Qa3 a6 18. Nh4 Bg6 19. Nxg6 hxg6 20. b4 Na7 21. Qb3 Nb5 22. Rc5 b6 23. R5c2 Rxc2 24. Rxc2 Rc8 25. a4 Rxc2 26. Qxc2 Na3 27. Qb3 Nc4 28. Bg5 b5 29. a5 Qa7 30. Be3 f6 31. exf6 gxf6 32. Qd3 f5 33. g4 Qe7 34. Bf4 Qxb4 35. gxf5 gxf5 36. Qg3+ Kf7 37. Qh4 Qf8 {[%emt 0:00:04] '} 38. Kh2 {[%emt 0:00:04] (Lag: Av=0.68s, max=0.9s)} 1-0